 Dungeon Crawl Stone Soup version 0.28.0-43-g3370ac3207 (webtiles) character file.

Game seed: 15511530882644536701

88 pkoi the Insei (level 4, 0/38 HPs)
             Began as a Demigod Fighter on Mar 28, 2022.
             Constricted to death by a ball python (1 damage)
             ... on level 3 of the Dungeon.
             The game lasted 00:01:53 (2372 turns).

pkoi the Insei (Demigod Fighter)                    Turns: 2372, Time: 00:01:53

Health: 0/38       AC:  6    Str: 17    XL:     4   Next: 8%
Magic:  6/6        EV:  6    Int: 10    God:
Gold:   42         SH:  5    Dex: 17    Spells: 3/3 levels left

rFire   . . .      SeeInvis .     - Unarmed
rCold   . . .      Faith    .   b - +0 buckler
rNeg    . . .      Spirit   .   a - +0 scale mail
rPois   .          Reflect  .   (no helmet)
rElec   .          Harm     .   (no cloak)
rCorr   .          Rampage  .   (no gloves)
Will    .....                   (no boots)
Stlth   ..........              (no amulet)
HPRegen 0.12/turn               (no ring)
MPRegen 0.10/turn               (no ring)

@: constricted
A: high MP 1, forlorn, divine attributes
a: no special abilities


You were on level 3 of the Dungeon.
You visited 1 branch of the dungeon, and saw 4 of its levels.

You collected 42 gold pieces.

Inventory:

Armour
 a - a +0 scale mail (worn)
 b - a +0 buckler (worn)
Scrolls
 d - 2 scrolls of blinking {unknown}
 f - a scroll of silence {unknown}
 g - a scroll of teleportation {unknown}
 i - a scroll of identify {unknown}
 m - a scroll of noise {unknown}
 o - 2 scrolls of enchant weapon {unknown}
Potions
 c - a potion of might
 e - 3 potions of curing {unknown}
 h - 2 potions of flight {unknown}
 j - a potion of haste {unknown}
 k - 2 potions of heal wounds {unknown}
 l - a potion of mutation {unknown}
 n - 2 potions of ambrosia {unknown}


   Skills:
 - Level 3.0 Fighting
 - Level 3.0 Armour
 - Level 3.0 Shields
 * Level 3.3 Unarmed Combat


You had 3 spell levels left.
You didn't know any spells.
Your spell library contained the following spells:

 Spells                   Type           Power      Damage    Failure   Level
 Ozocubu's Armour         Ice            0%         N/A       99%         3
 Ozocubu's Refrigeration  Ice            0%         4d5       100%        7


Dungeon Overview and Level Annotations

Branches:
Dungeon (4/15)
 Temple: D:4-7

Shops:
D:2 *


Innate Abilities, Weirdness & Mutations

You have an increased reservoir of magic. (+10% MP)
You shall have no god before yourself.
Your divine heritage dramatically boosts your attributes as you level up.


Message History

You punch the orc priest!
The orc priest is severely wounded.
The orc priest miscasts a cantrip.
The orc hits you with a +0 falchion.
You are too injured to fight recklessly!
You are too injured to fight recklessly!
You are too injured to fight recklessly!
You are too injured to fight recklessly!
You are too injured to fight recklessly!
You are too injured to fight recklessly!
You are too injured to fight recklessly!
You are too injured to fight recklessly!
You are too injured to fight recklessly!
You are too injured to fight recklessly!
You are too injured to fight recklessly!
You are too injured to fight recklessly!
Unknown command.
The orc priest invokes the aid of Beogh against you.
Pain shoots through your body!
* * * LOW HITPOINT WARNING * * *
The orc priest looks encouraged for a moment.
You block the ball python's attack. The ball python grabs you.
The ball python constricts you.
You see here 14 gold pieces.
You escape the ball python's grasp.
The orc priest invokes the aid of Beogh against you.
Beogh smites you!
* * * LOW HITPOINT WARNING * * *
The orc priest calls down the wrath of Beogh upon you.
Beogh smites you!
* * * LOW HITPOINT WARNING * * *
There is a stone staircase leading up here.
You climb upwards.
There is a stone staircase leading down here.
The ball python bites you.
* * * LOW HITPOINT WARNING * * *
The ball python barely misses you.
The ball python bites you but does no damage.
The ball python grabs you. The ball python constricts you.
You die...

..)..##..............#
.###.##..............#
..#..##.............<#
#.#)###..............#
#....##..............#
.....................#
.##..#.......รท.......#
###..#.>........So...#
..>...........<.@....#
.###.#...............#
..(..#.#'#.....#######
.......#.#.#####
########.#...#
###.#.###### ###.#....#
#....#.# ###..#.#


You could see an orc and a ball python.

Vanquished Creatures
  A gnoll (D:1)
  2 adders
  2 dart slugs (D:3)
  2 endoplasms (D:3)
  4 giant cockroaches (D:1)
  4 goblins
  5 hobgoblins
  3 jackals (D:3)
  4 quokkas
  7 ball pythons
  8 bats
  3 frilled lizards
  5 kobolds
  2 rats
52 creatures vanquished.

Vanquished Creatures (others)
  2 plants (D:2)
2 creatures vanquished.

Grand Total: 54 creatures vanquished

Notes
Turn   | Place    | Note
-------+----------+-------------------------------------------
     0 | D:1      | pkoi the Demigod Fighter began the quest for the Orb.
     0 | D:1      | Reached XP level 1. HP: 18/18 MP: 3/3
   272 | D:1      | Reached XP level 2. HP: 25/25 MP: 4/4
  1416 | D:2      | Reached XP level 3. HP: 30/30 MP: 5/5
  1678 | D:2      | Found Anla Ceg's General Store.
  2228 | D:3      | Reached XP level 4. HP: 36/38 MP: 6/6
  2369 | D:4      | HP: 1/38 [orc priest/divine providence (13)]
  2372 | D:3      | Constricted to death by a ball python

Illustrated notes

Levels and vault maps discovered:
D:1:      matt_arrival_diagonals, layout_loops_ring,
          shapermc_ecumenical_altar_gd
D:2:      layout_basic, serial_shops, shop, minmay_shallow_snake_nest
D:3:      layout_basic
D:4:      minmay_diamond_boxcup, layout_cave_pools, led_sif_book,
          nicolae_overflow_hidden_temple, serial_shops,
          nicolae_shop_temple_entry_statues_fountains

Skill      XL: |  1  2  3 |
---------------+----------+-----
Unarmed Combat | 2 3 |  3.3
Shields        | 3 |  3.0
Fighting       | 3 |  3.0
Armour         | 3 |  3.0

Action                   |  1- 3 |  4- 6 || total
-------------------------+-------+-------++-------
Melee: Unarmed           |   212 |     7 ||   219
Armor: Scale mail        |    79 |     2 ||    81
Dodge: Dodged            |    83 |     2 ||    85
Block: Buckler           |    47 |     4 ||    51
